[Event "Festival Groningen-A 2024"]
[Site "Groningen"]
[Date "2024.12.30"]
[Round "9.21"]
[White "Sharma, Dinesh K."]
[Black "Grooten, Tommy"]
[Result "1-0"]
[ECO "B81"]
[WhiteElo "2200"]
[BlackElo "2153"]
[Annotator "RC"]
[PlyCount "123"]
[EventDate "2024.12.21"]
[EventType "swiss"]
[EventCountry "NED"]
[SourceTitle "playchess.com"]
[Source "ChessBase"]
[SourceQuality "1"]
[TimeControl "40/5400+30:1800+30"]

1. e4 c5 2. Nf3 e6 3. d4 cxd4 4. Nxd4 Nf6 5. Nc3 d6 6. g4 h6 7. h3 Nc6 8. Bg2 Be7 9. Be3 a6 10. Qe2 Nxd4 11. Bxd4 e5 12. Be3 Be6 13. f4 exf4 14. Bxf4 Rc8 15. Qd2 Nd7 16. O-O-O Ne5 17. Bxe5 dxe5 18. Qxd8+ Bxd8 19. Nd5 O-O 20. Bf3 Bh4 21. c3 Rc5 22. Kb1 b5 23. Nb4 Rc7 24. Nxa6 Bxa2+ 25. Kxa2 Ra8 26. Kb3 Rxa6 27. Rd5 b4 28. cxb4 Rb6 29. b5 Rcb7 30. Be2 Rf6 31. Rf1 Rxf1 32. Bxf1 f6 33. Kb4 Bf2 34. Rd6 Kf8 35. Bc4 Ke7 36. Ra6 Kd7 37. Be6+ Ke7 38. Bd5 Ra7 39. Rc6 Be1+ 40. Kb3 Bf2 41. Rc8 Kd7 42. Rc2 Bd4 43. Kb4 Be3 44. h4 Rc7 45. Bc6+ Kd6 46. Re2 Bd4 47. Rg2 Be3 48. Rg3 Bf2 49. Rd3+ Bd4 50. g5 hxg5 51. hxg5 fxg5 52. Rg3 Rf7 53. Rxg5 Kc7 54. Bd5 Re7 55. Rg6 Bxb2 56. b6+ Kb8 57. Kb5 Bd4 58. Rg2 Kc8 59. Rc2+ Kd7 60. b7 Ba7 61. Rc8 g5 62. Ka6 1-0

[Event "Festival Groningen-A 2024"]
[Site "Groningen"]
[Date "2024.12.30"]
[Round "9.22"]
[White "Ten Dam, Bram"]
[Black "Ivanov, Dmytry"]
[Result "1/2-1/2"]
[ECO "B84"]
[WhiteElo "2002"]
[BlackElo "2072"]
[Annotator "RC"]
[PlyCount "41"]
[EventDate "2024.12.21"]
[EventType "swiss"]
[EventCountry "NED"]
[SourceTitle "playchess.com"]
[Source "ChessBase"]
[SourceQuality "1"]
[TimeControl "40/5400+30:1800+30"]

1. e4 c5 2. Nf3 e6 3. d4 cxd4 4. Nxd4 Nf6 5. Nc3 d6 6. Be3 a6 7. Be2 Nbd7 8. f4 Qc7 9. O-O b5 10. a3 Bb7 11. Bf3 Nc5 12. e5 dxe5 13. fxe5 Qxe5 14. Bf4 Bxf3 15. Rxf3 Qh5 16. Qf1 Ncd7 17. b4 h6 18. Re1 Rc8 19. Rh3 Qg4 20. Rg3 Qh5 21. Rh3 1/2-1/2

[Event "Festival Groningen-A 2024"]
[Site "Groningen"]
[Date "2024.12.30"]
[Round "9.23"]
[White "Boeren, Jurriaan"]
[Black "Ratsma, Midas"]
[Result "1-0"]
[ECO "C70"]
[WhiteElo "2147"]
[BlackElo "2326"]
[Annotator "RC"]
[PlyCount "77"]
[EventDate "2024.12.21"]
[EventType "swiss"]
[EventCountry "NED"]
[SourceTitle "playchess.com"]
[Source "ChessBase"]
[SourceQuality "1"]
[TimeControl "40/5400+30:1800+30"]

1. e4 e5 2. Nf3 Nc6 3. Bb5 a6 4. Ba4 b5 5. Bb3 Na5 6. O-O d6 7. d4 exd4 8. Nxd4 Bb7 9. Qe1 c5 10. Bd2 Nxb3 11. Nxb3 Be7 12. Na5 Bc8 13. Nc6 Qb6 14. Nxe7 Nxe7 15. Nc3 O-O 16. Bf4 Be6 17. Qd2 Rad8 18. Nd5 Qb7 19. Nxe7+ Qxe7 20. Rfe1 Rd7 21. Rad1 Rfd8 22. b3 h5 23. Re3 h4 24. h3 Qf6 25. Rd3 Qg6 26. Bg5 c4 27. Rf3 d5 28. e5 d4 29. Bxh4 Bf5 30. Rg3 Qe6 31. Bxd8 Bxc2 32. Qxc2 Rxd8 33. bxc4 bxc4 34. Rg4 d3 35. Qxc4 Qb6 36. Rg3 Rd4 37. Qc8+ Rd8 38. Qg4 g6 39. Rgxd3 1-0

[Event "Festival Groningen-A 2024"]
[Site "Groningen"]
[Date "2024.12.30"]
[Round "9.24"]
[White "Mohammed, Dilshad"]
[Black "Van Roon, Sjoerd"]
[Result "0-1"]
[ECO "A09"]
[WhiteElo "2078"]
[BlackElo "2285"]
[Annotator "RC"]
[PlyCount "106"]
[EventDate "2024.12.21"]
[EventType "swiss"]
[EventCountry "NED"]
[SourceTitle "playchess.com"]
[Source "ChessBase"]
[SourceQuality "1"]
[TimeControl "40/5400+30:1800+30"]

1. Nf3 d5 2. c4 d4 3. e3 Nc6 4. exd4 Nxd4 5. Nxd4 Qxd4 6. d3 Nh6 7. h3 e5 8. Nc3 c6 9. Be3 Qd8 10. Bxh6 gxh6 11. Qh5 Qg5 12. Qxg5 hxg5 13. O-O-O Be6 14. d4 exd4 15. Rxd4 Bg7 16. Rd3 Rd8 17. Rxd8+ Kxd8 18. Ne4 h6 19. Nc5 Bc8 20. Be2 Kc7 21. Bh5 b6 22. Nb3 Be6 23. Re1 Rd8 24. c5 Bf6 25. cxb6+ axb6 26. Bd1 c5 27. Re2 Bc4 28. Rd2 Re8 29. Bg4 Bb5 30. Na1 Re1+ 31. Rd1 Rxd1+ 32. Bxd1 Bd4 33. a4 Bf1 34. Bf3 Kd6 35. Nb3 Bxf2 36. a5 bxa5 37. Kc2 Ke5 38. Bc6 c4 39. Nxa5 Bd3+ 40. Kd2 Bb6 41. Nb7 f5 42. b3 Bf1 43. bxc4 Bxc4 44. Kc3 Bd5 45. Bxd5 Kxd5 46. Kd3 Kc6 47. Kc4 Kxb7 48. Kd5 f4 49. Ke5 Bc5 50. Kf5 Kc6 51. Kg6 Bf8 52. Kh5 Kd5 53. h4 Be7 0-1

[Event "Festival Groningen-A 2024"]
[Site "Groningen"]
[Date "2024.12.30"]
[Round "9.25"]
[White "Avetisyan, Ani"]
[Black "Spit, Vincent"]
[Result "1/2-1/2"]
[ECO "D85"]
[WhiteElo "2059"]
[BlackElo "2113"]
[Annotator "RC"]
[PlyCount "73"]
[EventDate "2024.12.21"]
[EventType "swiss"]
[EventCountry "NED"]
[SourceTitle "playchess.com"]
[Source "ChessBase"]
[SourceQuality "1"]
[TimeControl "40/5400+30:1800+30"]

1. d4 Nf6 2. c4 g6 3. Nc3 d5 4. cxd5 Nxd5 5. e4 Nxc3 6. bxc3 Bg7 7. Nf3 c5 8. Rb1 Nc6 9. d5 Ne5 10. Bb5+ Bd7 11. O-O Nxf3+ 12. Qxf3 O-O 13. c4 a6 14. Bxd7 Qxd7 15. Qb3 Qg4 16. f3 Bd4+ 17. Be3 Bxe3+ 18. Qxe3 Qc8 19. Rb6 Qc7 20. Rfb1 Ra7 21. e5 Rc8 22. d6 Qd7 23. Qe4 exd6 24. exd6 Rd8 25. Qd5 Qe6 26. Qd3 Rd7 27. Kf2 Ra8 28. Re1 Qf6 29. Qd5 Qh4+ 30. Kf1 Rad8 31. h3 Qf6 32. Rd1 Qc3 33. Rb3 Qc2 34. Rd2 Qc1+ 35. Rd1 Qc2 36. Rd2 Qc1+ 37. Rd1 1/2-1/2

[Event "Festival Groningen-A 2024"]
[Site "Groningen"]
[Date "2024.12.30"]
[Round "9.26"]
[White "Zecha, Oscar"]
[Black "Wempe, Joost"]
[Result "1-0"]
[ECO "A28"]
[WhiteElo "2134"]
[BlackElo "2233"]
[Annotator "RC"]
[PlyCount "45"]
[EventDate "2024.12.21"]
[EventType "swiss"]
[EventCountry "NED"]
[SourceTitle "playchess.com"]
[Source "ChessBase"]
[SourceQuality "1"]
[TimeControl "40/5400+30:1800+30"]

1. d3 e5 2. c4 Nf6 3. Nf3 Nc6 4. Nc3 d5 5. Bg5 d4 6. Nd5 Be7 7. Nxe7 Qxe7 8. g3 e4 9. Bxf6 Qxf6 10. dxe4 Qe7 11. Nd2 f5 12. exf5 Bxf5 13. Bg2 O-O 14. O-O Rae8 15. Nf3 Qxe2 16. Nxd4 Qxb2 17. Nxf5 Rxf5 18. Rb1 Qxa2 19. Rxb7 Ne5 20. Rxc7 Kh8 21. Qd4 a5 22. Re7 Qa4 23. Qa1 1-0

[Event "Festival Groningen-A 2024"]
[Site "Groningen"]
[Date "2024.12.30"]
[Round "9.27"]
[White "Duson, Robin"]
[Black "Wouters, Casper"]
[Result "1-0"]
[ECO "E73"]
[WhiteElo "2159"]
[BlackElo "2110"]
[Annotator "RC"]
[PlyCount "93"]
[EventDate "2024.12.21"]
[EventType "swiss"]
[EventCountry "NED"]
[SourceTitle "playchess.com"]
[Source "ChessBase"]
[SourceQuality "1"]
[TimeControl "40/5400+30:1800+30"]

1. d4 Nf6 2. c4 g6 3. Nc3 Bg7 4. e4 d6 5. Be2 O-O 6. Be3 e5 7. d5 Na6 8. g4 Nc5 9. f3 h5 10. h4 c6 11. g5 Nh7 12. Qd2 cxd5 13. cxd5 f6 14. gxf6 Bxf6 15. O-O-O Bxh4 16. Nh3 Bxh3 17. Rxh3 Rf4 18. Rg1 Bg5 19. Kb1 Qf6 20. Bc4 Rc8 21. Qg2 Kh8 22. Rg3 Nd7 23. Be2 Ndf8 24. Rxg5 Qxg5 25. Qxg5 Nxg5 26. Rxg5 Rh4 27. Kc2 a6 28. Kd2 Kg7 29. Rg1 Kf7 30. Bg5 Rh2 31. f4 Nd7 32. Rf1 Ke8 33. f5 gxf5 34. exf5 Rc4 35. Ke3 Rd4 36. Bf3 Nb6 37. b3 Rh3 38. Ke2 Nc8 39. f6 Kf7 40. Ne4 Rh2+ 41. Rf2 Rh3 42. Be3 Rh4 43. Bxd4 exd4 44. Kd3 Nb6 45. Bg2 Nd7 46. Nxd6+ Kf8 47. Be4 1-0

[Event "Festival Groningen-A 2024"]
[Site "Groningen"]
[Date "2024.12.30"]
[Round "9.28"]
[White "Ponnio, Toni"]
[Black "Schilstra, Laurens"]
[Result "0-1"]
[ECO "A53"]
[WhiteElo "2111"]
[BlackElo "2150"]
[Annotator "RC"]
[PlyCount "80"]
[EventDate "2024.12.21"]
[EventType "swiss"]
[EventCountry "NED"]
[SourceTitle "playchess.com"]
[Source "ChessBase"]
[SourceQuality "1"]
[TimeControl "40/5400+30:1800+30"]

1. d4 d6 2. e4 Nf6 3. f3 Nbd7 4. Ne2 e5 5. c4 Be7 6. Nbc3 O-O 7. Be3 c6 8. Qd2 Re8 9. d5 h5 10. g3 c5 11. h4 Nh7 12. O-O-O a6 13. g4 b5 14. Ng3 hxg4 15. Nf5 Ndf6 16. cxb5 Bxf5 17. exf5 gxf3 18. Rg1 Kh8 19. bxa6 Bf8 20. Bb5 Re7 21. h5 Qc8 22. h6 Qxf5 23. Bc6 Rxa6 24. hxg7+ Bxg7 25. Qh2 Rea7 26. Rg5 Ng4 27. Qh3 Qc8 28. Rh1 Bh6 29. Rxg4 Bxe3+ 30. Kd1 f5 31. Rh4 Qg8 32. Qxf5 Bg5 33. Rxh7+ Rxh7 34. Rxh7+ Qxh7 35. Qc8+ Kg7 36. Qxa6 Qh2 37. Qd3 f2 38. Qf1 Qf4 39. Kc2 c4 40. Bb5 Qd2+ 0-1

[Event "Festival Groningen-A 2024"]
[Site "Groningen"]
[Date "2024.12.30"]
[Round "9.29"]
[White "Van Helvoort, Rob"]
[Black "Hummel, Paul"]
[Result "1-0"]
[ECO "D41"]
[WhiteElo "2135"]
[BlackElo "2160"]
[Annotator "RC"]
[PlyCount "123"]
[EventDate "2024.12.21"]
[EventType "swiss"]
[EventCountry "NED"]
[SourceTitle "playchess.com"]
[Source "ChessBase"]
[SourceQuality "1"]
[TimeControl "40/5400+30:1800+30"]

1. e4 c6 2. c4 d5 3. cxd5 cxd5 4. exd5 Nf6 5. Bc4 Nxd5 6. Nf3 Nc6 7. O-O e6 8. d4 Be7 9. Nc3 O-O 10. Re1 Bf6 11. Bb3 Nxc3 12. bxc3 b5 13. Qd3 b4 14. Bb2 bxc3 15. Bxc3 Bb7 16. Rad1 Ne7 17. Bb4 Re8 18. Ba4 Nd5 19. Bc5 Qa5 20. Bxe8 Rxe8 21. Qd2 Qa4 22. Rb1 Bc6 23. Rb3 h6 24. Reb1 g5 25. Ra3 Qc4 26. Qd3 Qxd3 27. Rxd3 Nf4 28. Rdb3 g4 29. Ne1 a6 30. Rb8 Rxb8 31. Rxb8+ Kg7 32. f3 Bd5 33. fxg4 Bxa2 34. Nf3 Bd5 35. Kf2 a5 36. Bd6 Ng6 37. Ne5 a4 38. Rb5 Bd8 39. Nxg6 Kxg6 40. g3 Bg5 41. Ra5 Bb3 42. h4 Bc1 43. h5+ Kf6 44. Be5+ Ke7 45. Ra7+ Kd8 46. Bf6+ Kc8 47. Be7 Kb8 48. Ra5 Bd2 49. Rb5+ Kc7 50. g5 Kd7 51. gxh6 Bxh6 52. Ba3 Kc6 53. Rc5+ Kb6 54. Rc8 Bd1 55. Rg8 Kb5 56. g4 f6 57. Rh8 Bg5 58. h6 f5 59. h7 Bf6 60. Rb8+ Kc4 61. g5 Bxd4+ 62. Ke1 1-0